Sound Tigers vs Comets
Created - July 14, 2022 at 19:17
Goals
|
| Sound Tigers |
1 |
0 |
1 |
2 |
| Comets |
2 |
2 |
1 |
5 |
|
Shots
|
| Sound Tigers |
8 |
8 |
10 |
26 |
| Comets |
17 |
2 |
11 |
30 |
|
1st period
1. Comets , Taylor Beck 3 (Patrick Wey 2) at 3:39
2. Sound Tigers , James Livingstone 2 (Garret Ross 2, Ben Thomson 2) at 7:59
3. Comets , Dennis Everberg 4 (Nathan Gerbe 6) at 12:39
Penalties :
No Penalty
2nd period
4. Comets , Dennis Everberg 5 (Sami Niku 3) at 11:34
5. Comets , Joshua Leivo 3 (Phil Di Giuseppe 2, Sami Niku 4) at 18:31
Penalties :
Juuso Riikola (Uti) for Tripping (Minor) at 4:26, Phil Di Giuseppe (Uti) for Interference (Minor) at 12:20, Phil Di Giuseppe (Uti) for Roughing (Minor) at 15:34
3rd period
6. Sound Tigers , James Sheppard 3 (Pavel Kraskovsky 2) at 1:55
7. Comets , Nicolas Petan 1 (Dennis Everberg 5, Nathan Gerbe 7) at 2:26
Penalties :
Juuso Riikola (Uti) for Tripping (Minor) at 3:26
Goalie Stats
Sean Maguire (BRI), 15 saves from 19 shots - (0.789), L, 0-1-0, 38:31 minutes
Pavel Francouz (BRI), 10 saves from 11 shots - (0.909), 21:29 minutes
Thatcher Demko (Uti), 24 saves from 26 shots - (0.923), W, 1-0-0, 60:00 minutes
Players Stats for Sound Tigers
Player Name G A P +/- PIM S H SB GA TA FO MP PP MP PK MP
------------------------------------------------------------------------------------
Alex Tuch 0 0 0 0 0 2 1 1 0 0 0/0 20:58 4:12 0:00
Alexander Yelesin 0 0 0 -1 0 1 1 0 0 1 0/0 13:29 0:00 0:00
Ben Johnson 0 0 0 -1 0 0 1 0 0 0 0/0 8:29 0:00 0:00
Ben Thomson 0 1 1 0 0 1 2 1 1 1 0/0 17:03 0:00 0:00
Blake Speers 0 0 0 0 0 0 0 0 0 0 0/0 0:00 0:00 0:00
Borna Rendulic 0 0 0 0 0 2 4 1 0 0 2/3 21:07 4:16 0:00
Brad Ross 0 0 0 0 0 0 0 0 0 0 0/0 0:00 0:00 0:00
Christian Fischer 0 0 0 -1 0 2 3 0 0 0 0/0 16:40 3:37 0:00
Dylan McIlrath 0 0 0 -1 0 3 2 2 0 0 0/0 26:50 4:49 0:00
Gabriel Carlsson 0 0 0 -2 0 1 1 1 0 1 0/0 20:34 3:07 0:00
Garret Pilon 0 0 0 0 0 0 0 0 0 0 0/0 0:00 0:00 0:00
Garret Ross 0 1 1 -1 0 2 0 0 2 1 0/0 13:41 0:00 0:00
James Livingstone 1 0 1 -1 0 3 2 0 1 0 0/0 13:41 0:00 0:00
James Sheppard 1 0 1 -1 0 3 4 0 0 0 0/0 16:40 3:37 0:00
Joe Labate 0 0 0 0 0 2 3 2 1 0 11/31 20:53 4:16 0:00
Josh Archibald 0 0 0 0 0 0 0 0 0 0 0/0 0:03 0:03 0:00
Julian Melchiori 0 0 0 -1 0 1 1 1 0 0 0/0 26:50 4:49 0:00
Pavel Kraskovsky 0 1 1 -1 0 1 0 0 0 0 5/9 16:40 3:37 0:00
Rhett Gardner 0 0 0 -1 0 0 2 0 0 2 2/6 13:41 0:00 0:00
Ross Colton 0 0 0 -1 0 1 1 0 0 0 1/1 8:29 0:00 0:00
Scott Glennie 0 0 0 0 0 0 0 0 0 0 1/1 4:11 0:10 0:00
Slater Koekkoek 0 0 0 -2 0 1 0 0 0 0 0/0 20:01 3:07 0:00
Tyrell Goulbourne 0 0 0 0 0 0 0 0 0 0 0/0 0:00 0:00 0:00
Players Stats for Comets
Player Name G A P +/- PIM S H SB GA TA FO MP PP MP PK MP
------------------------------------------------------------------------------------
Andrej Nestrasil 0 0 0 0 0 1 1 0 1 0 1/3 13:01 0:00 2:18
Anton Karlsson 0 0 0 0 0 0 0 0 0 0 0/0 1:02 0:00 0:56
Anton Zlobin 0 0 0 -1 0 0 1 0 0 0 0/0 8:53 0:00 0:00
Dan Renouf 0 0 0 1 0 0 2 0 0 0 0/0 13:12 0:00 1:56
Dennis Everberg 2 1 3 2 0 5 1 0 0 0 1/3 22:19 0:00 4:19
Jordan Gross 0 0 0 0 0 0 0 0 0 0 0/0 0:00 0:00 0:00
Joshua Leivo 1 0 1 2 0 2 3 0 2 0 0/0 14:40 0:00 0:00
Juho Lammikko 0 0 0 0 0 1 0 0 0 1 0/0 10:15 0:00 0:00
Juuso Riikola 0 0 0 1 4 0 3 0 0 1 0/0 19:57 0:00 2:21
Kurtis Macdermid 0 0 0 -1 0 0 2 0 0 0 0/0 8:53 0:00 0:00
Mackenzie MacEachern 0 0 0 0 0 1 1 2 1 0 0/0 10:15 0:00 0:00
Nathan Gerbe 0 2 2 2 0 3 1 1 0 1 15/26 19:59 0:00 2:17
Nicolas Petan 1 0 1 2 0 1 1 0 0 0 5/8 16:12 0:00 1:27
Oliver Kylington 0 0 0 1 0 1 1 1 1 1 0/0 26:58 0:00 3:28
Patrick Wey 0 1 1 0 0 4 0 5 0 0 0/0 29:06 0:00 4:49
Phil Di Giuseppe 0 1 1 2 4 1 1 1 0 0 0/0 14:48 0:00 0:00
Rasmus Asplund 0 0 0 0 0 0 0 0 0 0 0/0 0:00 0:00 0:00
Sami Niku 0 2 2 1 0 0 6 3 0 0 0/0 19:35 0:00 3:07
Taylor Beck 1 0 1 2 0 9 1 0 1 0 4/7 22:23 0:00 4:35
Taylor Leier 0 0 0 0 0 0 0 0 0 0 0/0 0:00 0:00 0:00
Tyler Graovac 0 0 0 -1 0 1 2 0 0 0 3/4 8:53 0:00 0:00
William Lagesson 0 0 0 2 0 0 0 0 0 1 0/0 11:39 0:00 0:11
William Lockwood 0 0 0 0 0 0 0 0 0 0 0/0 0:00 0:00 0:00
3 Stars
1 - Dennis Everberg (Uti)
2 - Sami Niku (Uti)
3 - Joshua Leivo (Uti)
Power Play
Sound Tigers - 0 on 4 Attempt(s) - 0.00%
Comets - 0 on 0 Attempt(s) - 0.00%
Penalty Kill
Sound Tigers - 0 on 0 Attempt(s) - 0.00%
- Score 0 goal in Penalty Kill
Comets - 4 on 4 Attempt(s) - 100.00%
- Score 0 goal in Penalty Kill
Team Stat
Sound Tigers - Hits : 28 - Faceoff Wins : 22 - Blocked Shots : 9 - Penalty Minutes : 0
Comets - Hits : 27 - Faceoff Wins : 29 - Blocked Shots : 13 - Penalty Minutes : 8
Official
Referees : Tom Chmielewski and Frederick L'Ecuyer
Linesman : David Brisebois and Matt MacPherson
Game Notes
11:34 of 2nd period - Comets goal is going for a video replay. After video review, Goal.
Pavel Francouz enters game at 18:31 of 2nd period
Joe Labate is injured at 19:45 of 3rd period (Left Foot)
Finance
Level 1 -- Attendance: 2000 (100.00%) -- Ticket Income $70,000
Level 2 -- Attendance: 995 (99.50%) -- Ticket Income $14,925
Total Attendance: 2995 (99.83%)
Total Ticket Income: $84,925
Other Income: $4,246
Total Income: $89,171
Sound Tigers
5 vs 5 Forward
Center Left Wing Right Wing Time % Phy DF OF
1 Joe Labate Alex Tuch Borna Rendulic 40 1 2 2
2 Pavel Kraskovsky James Sheppard Christian Fischer 30 1 2 2
3 Rhett Gardner Garret Ross James Livingstone 20 1 2 2
4 Ben Johnson Ben Thomson Ross Colton 10 1 2 2
5 vs 5 Defense
Defense Defense Time % Phy DF OF
1 Dylan McIlrath Julian Melchiori 40 1 2 2
2 Gabriel Carlsson Slater Koekkoek 30 1 2 2
3 Alexander Yelesin Ben Thomson 20 1 2 2
4 Dylan McIlrath Julian Melchiori 10 1 2 2
PowerPlay Forward
Center Left Wing Right Wing Time % Phy DF OF
1 Joe Labate Alex Tuch Borna Rendulic 60 1 2 2
2 Pavel Kraskovsky James Sheppard Christian Fischer 40 1 2 2
PowerPlay Defense
Defense Defense Time % Phy DF OF
1 Dylan McIlrath Julian Melchiori 60 1 2 2
2 Gabriel Carlsson Slater Koekkoek 40 1 2 2
Penalty Kill 4 Players Forward
Center Wing Time % Phy DF OF
1 Alex Tuch James Sheppard 60 1 2 2
2 Garret Ross Borna Rendulic 40 1 2 2
Penalty Kill 4 Players Defense
Defense Defense Time % Phy DF OF
1 Dylan McIlrath Julian Melchiori 60 1 2 2
2 Gabriel Carlsson Slater Koekkoek 40 1 2 2
Penalty Kill - 3 Players Forward
Forward Time % Phy DF OF
1 Alex Tuch 60 1 2 2
2 James Sheppard 40 1 2 2
Penalty Kill - 3 Players Defense
Defense Defense Time % Phy DF OF
1 Dylan McIlrath Julian Melchiori 60 1 2 2
2 Gabriel Carlsson Slater Koekkoek 40 1 2 2
4 vs 4 Forward
Center Wing Time % Phy DF OF
1 Alex Tuch James Sheppard 60 1 2 2
2 Garret Ross Borna Rendulic 40 1 2 2
4 vs 4 Defense
Defense Defense Time % Phy DF OF
1 Dylan McIlrath Julian Melchiori 60 1 2 2
2 Gabriel Carlsson Slater Koekkoek 40 1 2 2
Last Minutes Offensive
Center Left Wing Right Wing Defense Defense
Joe Labate Alex Tuch Borna Rendulic Dylan McIlrath Julian Melchiori
Last Minutes Defensive
Center Left Wing Right Wing Defense Defense
Joe Labate Alex Tuch Borna Rendulic Dylan McIlrath Julian Melchiori
Goaltenders
Starting : Sean Maguire
Backup : Pavel Francouz
Extra Forwards
Normal : Scott Glennie, Josh Archibald, Tyrell Goulbourne - PP : Scott Glennie, Josh Archibald - PK : Tyrell Goulbourne
Extra Defensemen
Normal : Alexander Yelesin, Gabriel Carlsson, Slater Koekkoek - PP : Alexander Yelesin - PK : Gabriel Carlsson, Slater Koekkoek
Penalty Shots
Alex Tuch, James Sheppard, Garret Ross, Borna Rendulic, Christian Fischer
Scratches
Connor Murphy (Torn Left Knee Ligaments Injury), David Broll (Healthy), Ryan Bourque (Healthy), Brandon Gignac (Healthy), Casey Staum (Healthy)
Chris Driedger (Healthy)
Comets
5 vs 5 Forward
Center Left Wing Right Wing Time % Phy DF OF
1 Nathan Gerbe Taylor Beck Dennis Everberg 55 1 2 2
2 Nicolas Petan Phil Di Giuseppe Joshua Leivo 30 1 2 2
3 Andrej Nestrasil Mackenzie MacEachern Juho Lammikko 10 1 2 2
4 Tyler Graovac Kurtis Macdermid Anton Zlobin 5 1 2 2
5 vs 5 Defense
Defense Defense Time % Phy DF OF
1 Patrick Wey Oliver Kylington 55 1 2 2
2 Juuso Riikola Sami Niku 30 1 2 2
3 William Lagesson Dan Renouf 10 1 2 2
4 Patrick Wey Juuso Riikola 5 1 2 2
PowerPlay Forward
Center Left Wing Right Wing Time % Phy DF OF
1 Nathan Gerbe Taylor Beck Dennis Everberg 70 0 0 5
2 Nicolas Petan Phil Di Giuseppe Joshua Leivo 30 0 0 5
PowerPlay Defense
Defense Defense Time % Phy DF OF
1 Patrick Wey Oliver Kylington 60 0 0 5
2 Juuso Riikola Sami Niku 40 0 0 5
Penalty Kill 4 Players Forward
Center Wing Time % Phy DF OF
1 Taylor Beck Dennis Everberg 60 1 2 2
2 Nathan Gerbe Andrej Nestrasil 40 1 2 2
Penalty Kill 4 Players Defense
Defense Defense Time % Phy DF OF
1 Patrick Wey Juuso Riikola 60 1 2 2
2 Oliver Kylington Sami Niku 40 1 2 2
Penalty Kill - 3 Players Forward
Forward Time % Phy DF OF
1 Taylor Beck 60 1 2 2
2 Dennis Everberg 40 1 2 2
Penalty Kill - 3 Players Defense
Defense Defense Time % Phy DF OF
1 Patrick Wey Juuso Riikola 60 1 2 2
2 Oliver Kylington Sami Niku 40 1 2 2
4 vs 4 Forward
Center Wing Time % Phy DF OF
1 Taylor Beck Dennis Everberg 60 1 2 2
2 Nathan Gerbe Andrej Nestrasil 40 1 2 2
4 vs 4 Defense
Defense Defense Time % Phy DF OF
1 Patrick Wey Juuso Riikola 60 1 2 2
2 Oliver Kylington Sami Niku 40 1 2 2
Last Minutes Offensive
Center Left Wing Right Wing Defense Defense
Nathan Gerbe Taylor Beck Dennis Everberg Patrick Wey Juuso Riikola
Last Minutes Defensive
Center Left Wing Right Wing Defense Defense
Nathan Gerbe Taylor Beck Dennis Everberg Patrick Wey Juuso Riikola
Goaltenders
Starting : Thatcher Demko
Backup : Marek Langhamer
Extra Forwards
Normal : Anton Karlsson, William Lockwood, Nicolas Petan - PP : Anton Karlsson, William Lockwood - PK : Nicolas Petan
Extra Defensemen
Normal : William Lagesson, Dan Renouf, Oliver Kylington - PP : William Lagesson - PK : Dan Renouf, Oliver Kylington
Penalty Shots
Taylor Beck, Dennis Everberg, Nathan Gerbe, Andrej Nestrasil, Nicolas Petan
Scratches
Jeremy Roy (Healthy), Thomas DiPauli (Healthy), Oskar Steen (Healthy), Dmitry Sokolov (Healthy)
% Time on Ice - Sound Tigers
Lines # - Real PCT - Wanted PCT - Time Play
Normal Forward
1 - 32% - 40% - 16:51
2 - 25% - 30% - 13:03
3 - 26% - 20% - 13:41
4 - 16% - 10% - 8:29
Normal Defense
1 - 38% - 40% - 19:54
2 - 32% - 30% - 16:46
3 - 26% - 20% - 13:17
4 - 4% - 10% - 2:07
PP Forward
1 - 54% - 60% - 4:19
2 - 46% - 40% - 3:37
PP Defense
1 - 61% - 60% - 4:49
2 - 39% - 40% - 3:07
PK Forward
1 - 0% - 60%
2 - 0% - 40%
PK Defense
1 - 0% - 60%
2 - 0% - 40%
PK3 Forward
1 - 0% - 60%
2 - 0% - 40%
PK3 Defense
1 - 0% - 60%
2 - 0% - 40%
44 Forward
1 - 0% - 60%
2 - 0% - 40%
44 Defense
1 - 0% - 60%
2 - 0% - 40%
Last Minute Offensive - 0:00
Last Minute Defensive - 0:00
Total
Forward - 60:00
Defense - 60:00
|
% Time on Ice - Comets
Lines # - Real PCT - Wanted PCT - Time Play
Normal Forward
1 - 35% - 55% - 18:11
2 - 28% - 30% - 14:45
3 - 20% - 10% - 10:15
4 - 17% - 5% - 8:53
Normal Defense
1 - 44% - 55% - 23:10
2 - 31% - 30% - 15:56
3 - 22% - 10% - 11:16
4 - 3% - 5% - 1:42
PP Forward
1 - 0% - 70%
2 - 0% - 30%
PP Defense
1 - 0% - 60%
2 - 0% - 40%
PK Forward
1 - 71% - 60% - 5:39
2 - 29% - 40% - 2:17
PK Defense
1 - 69% - 60% - 5:29
2 - 31% - 40% - 2:27
PK3 Forward
1 - 0% - 60%
2 - 0% - 40%
PK3 Defense
1 - 0% - 60%
2 - 0% - 40%
44 Forward
1 - 0% - 60%
2 - 0% - 40%
44 Defense
1 - 0% - 60%
2 - 0% - 40%
Last Minute Offensive - 0:00
Last Minute Defensive - 0:00
Total
Forward - 60:00
Defense - 60:00
|
Play-by-Play
1st period
0:01 of 1st period - Nathan Gerbe wins face-off versus Joe Labate in neutral zone.
0:26 of 1st period - Oliver Kylington is hit by James Sheppard and loses puck.
1:28 of 1st period - Snap shot by Borna Rendulic.
1:28 of 1st period - Shot Misses the Net.
1:50 of 1st period - Snap shot by Tyler Graovac.
1:50 of 1st period - Stopped by Sean Maguire with a rebound.
2:18 of 1st period - Snap shot by Dennis Everberg.
2:18 of 1st period - Shot Misses the Net.
2:20 of 1st period - Slapshot by Patrick Wey.
2:20 of 1st period - Shot Blocked by Ben Thomson.
2:50 of 1st period - Joshua Leivo is hit by Borna Rendulic and loses puck.
3:05 of 1st period - Tyler Graovac is hit by James Sheppard and loses puck.
3:17 of 1st period - Tyler Graovac is hit by Christian Fischer and loses puck.
3:33 of 1st period - Patrick Wey is hit by Rhett Gardner.
3:39 of 1st period - Snap shot by Taylor Beck.
3:39 of 1st period - Goal by Taylor Beck - Sound Tigers : 0 - Comets : 1.
3:40 of 1st period - Joe Labate wins face-off versus Nathan Gerbe in neutral zone.
3:55 of 1st period - Slapshot by Alex Tuch.
3:55 of 1st period - Stopped by Thatcher Demko without a rebound.
3:56 of 1st period - Nathan Gerbe wins face-off versus Pavel Kraskovsky in Comets zone.
4:01 of 1st period - Wrist shot by Nathan Gerbe.
4:01 of 1st period - Shot Blocked by Gabriel Carlsson.
4:03 of 1st period - Slapshot by Patrick Wey.
4:03 of 1st period - Stopped by Sean Maguire without a rebound.
4:04 of 1st period - Pavel Kraskovsky wins face-off versus Nathan Gerbe in Sound Tigers zone.
4:11 of 1st period - Dennis Everberg is hit by Julian Melchiori and loses puck.
4:38 of 1st period - Slapshot by Taylor Beck.
4:38 of 1st period - Stopped by Sean Maguire with a rebound.
4:46 of 1st period - Snap shot by Taylor Beck.
4:46 of 1st period - Stopped by Sean Maguire with a rebound.
4:56 of 1st period - Backhand shot by Taylor Beck.
4:56 of 1st period - Stopped by Sean Maguire without a rebound.
4:57 of 1st period - Nicolas Petan wins face-off versus Joe Labate in Sound Tigers zone.
5:08 of 1st period - Wrist shot by Phil Di Giuseppe.
5:08 of 1st period - Shot Blocked by Joe Labate.
5:47 of 1st period - Slater Koekkoek is hit by Kurtis Macdermid and loses puck.
6:04 of 1st period - Julian Melchiori is hit by Andrej Nestrasil.
6:07 of 1st period - Off-side.
6:08 of 1st period - Joe Labate wins face-off versus Andrej Nestrasil in neutral zone.
6:28 of 1st period - Icing by Oliver Kylington.
6:29 of 1st period - Andrej Nestrasil wins face-off versus Rhett Gardner in Comets zone.
7:19 of 1st period - Wrist shot by James Sheppard.
7:19 of 1st period - Stopped by Thatcher Demko with a rebound.
7:23 of 1st period - Snap shot by James Sheppard.
7:23 of 1st period - Stopped by Thatcher Demko with a rebound.
7:35 of 1st period - Wrist shot by Nathan Gerbe.
7:35 of 1st period - Stopped by Sean Maguire with a rebound.
7:37 of 1st period - Snap shot by Nathan Gerbe.
7:37 of 1st period - Shot Misses the Net.
7:59 of 1st period - Slapshot by James Livingstone.
7:59 of 1st period - Goal by James Livingstone - Sound Tigers : 1 - Comets : 1.
8:00 of 1st period - Joe Labate wins face-off versus Dennis Everberg in neutral zone.
9:12 of 1st period - Snap shot by Taylor Beck.
9:12 of 1st period - Stopped by Sean Maguire without a rebound.
9:13 of 1st period - Nathan Gerbe wins face-off versus Joe Labate in Sound Tigers zone.
9:14 of 1st period - Wrist shot by Taylor Beck.
9:14 of 1st period - Stopped by Sean Maguire without a rebound.
9:15 of 1st period - Joe Labate wins face-off versus Nathan Gerbe in Sound Tigers zone.
9:15 of 1st period - Joe Labate is hit by Sami Niku.
9:27 of 1st period - Alexander Yelesin is hit by Juuso Riikola and loses puck.
9:40 of 1st period - Sami Niku is hit by Alexander Yelesin and loses puck.
10:09 of 1st period - Snap shot by Tyler Graovac.
10:09 of 1st period - Shot Misses the Net.
10:35 of 1st period - Wrist shot by Mackenzie MacEachern.
10:35 of 1st period - Shot Blocked by Julian Melchiori.
11:12 of 1st period - Snap shot by Alex Tuch.
11:12 of 1st period - Stopped by Thatcher Demko with a rebound.
12:35 of 1st period - Wrist shot by Dennis Everberg.
12:35 of 1st period - Stopped by Sean Maguire with a rebound.
12:37 of 1st period - Wrist shot by Taylor Beck.
12:37 of 1st period - Stopped by Sean Maguire without a rebound.
12:38 of 1st period - Nathan Gerbe wins face-off versus Pavel Kraskovsky in Sound Tigers zone.
12:39 of 1st period - Slapshot by Dennis Everberg.
12:39 of 1st period - Goal by Dennis Everberg - Sound Tigers : 1 - Comets : 2.
12:40 of 1st period - Joe Labate wins face-off versus Nathan Gerbe in neutral zone.
13:27 of 1st period - Snap shot by Dennis Everberg.
13:27 of 1st period - Deflect By Taylor Beck.
13:27 of 1st period - Stopped by Sean Maguire without a rebound.
13:28 of 1st period - Nicolas Petan wins face-off versus Joe Labate in Sound Tigers zone.
13:41 of 1st period - Wrist shot by Borna Rendulic.
13:41 of 1st period - Deflect By Joe Labate.
13:41 of 1st period - Shot Misses the Net.
13:41 of 1st period - Puck is out of play.
13:42 of 1st period - Pavel Kraskovsky wins face-off versus Nicolas Petan in Comets zone.
13:43 of 1st period - Snap shot by James Sheppard.
13:43 of 1st period - Shot Misses the Net.
13:45 of 1st period - Slapshot by Slater Koekkoek.
13:45 of 1st period - Shot Blocked by Patrick Wey.
13:51 of 1st period - Slapshot by Pavel Kraskovsky.
13:51 of 1st period - Shot Misses the Net.
13:53 of 1st period - Slapshot by Slater Koekkoek.
13:53 of 1st period - Shot Misses the Net.
13:57 of 1st period - Wrist shot by Pavel Kraskovsky.
13:57 of 1st period - Shot Blocked by Patrick Wey.
14:07 of 1st period - Slater Koekkoek is hit by Juuso Riikola and loses puck.
14:14 of 1st period - Wrist shot by Mackenzie MacEachern.
14:14 of 1st period - Stopped by Sean Maguire with a rebound.
15:45 of 1st period - Icing by Julian Melchiori.
15:46 of 1st period - Rhett Gardner wins face-off versus Taylor Beck in Sound Tigers zone.
15:55 of 1st period - Snap shot by James Livingstone.
15:55 of 1st period - Shot Misses the Net.
16:15 of 1st period - Snap shot by Borna Rendulic.
16:15 of 1st period - Stopped by Thatcher Demko with a rebound.
16:17 of 1st period - Snap shot by Dylan McIlrath.
16:17 of 1st period - Stopped by Thatcher Demko without a rebound.
16:18 of 1st period - Nathan Gerbe wins face-off versus Joe Labate in Comets zone.
16:23 of 1st period - Snap shot by Nathan Gerbe.
16:23 of 1st period - Deflect By Joe Labate.
16:23 of 1st period - Stopped by Sean Maguire without a rebound.
16:24 of 1st period - Nathan Gerbe wins face-off versus Joe Labate in Sound Tigers zone.
16:37 of 1st period - Slapshot by Nathan Gerbe.
16:37 of 1st period - Deflect By Dennis Everberg.
16:37 of 1st period - Stopped by Sean Maguire with a rebound.
16:39 of 1st period - Wrist shot by Taylor Beck.
16:39 of 1st period - Shot Misses the Net.
16:59 of 1st period - Slapshot by Juho Lammikko.
16:59 of 1st period - Shot Blocked by Alex Tuch.
17:01 of 1st period - Snap shot by Juho Lammikko.
17:01 of 1st period - Shot Blocked by Joe Labate.
17:22 of 1st period - Off-side.
17:23 of 1st period - Dennis Everberg wins face-off versus Rhett Gardner in neutral zone.
17:26 of 1st period - Snap shot by Dennis Everberg.
17:26 of 1st period - Stopped by Sean Maguire with a rebound.
17:37 of 1st period - Off-side.
17:38 of 1st period - Nathan Gerbe wins face-off versus Pavel Kraskovsky in neutral zone.
17:52 of 1st period - Wrist shot by Christian Fischer.
17:52 of 1st period - Stopped by Thatcher Demko with a rebound.
18:08 of 1st period - Off-side.
18:09 of 1st period - Joe Labate wins face-off versus Tyler Graovac in neutral zone.
18:36 of 1st period - Gabriel Carlsson is hit by Taylor Beck and loses puck.
19:58 of 1st period - William Lagesson is hit by Gabriel Carlsson and loses puck.
Goals for this period are 1 for Sound Tigers vs 2 for Comets.
Shots for this period are 8 for Sound Tigers vs 17 for Comets.
2nd period
0:01 of 2nd period - Borna Rendulic wins face-off versus Nathan Gerbe in neutral zone.
1:20 of 2nd period - Snap shot by Garret Ross.
1:20 of 2nd period - Stopped by Thatcher Demko without a rebound.
1:21 of 2nd period - Nathan Gerbe wins face-off versus Joe Labate in Comets zone.
2:07 of 2nd period - Icing by Juuso Riikola.
2:08 of 2nd period - Pavel Kraskovsky wins face-off versus Nathan Gerbe in Comets zone.
2:11 of 2nd period - Wrist shot by Joe Labate.
2:11 of 2nd period - Stopped by Thatcher Demko without a rebound.
2:12 of 2nd period - Joe Labate wins face-off versus Nicolas Petan in Comets zone.
2:13 of 2nd period - Backhand shot by Borna Rendulic.
2:13 of 2nd period - Shot Hit the Post.
2:37 of 2nd period - Wrist shot by James Sheppard.
2:37 of 2nd period - Shot Misses the Net.
2:39 of 2nd period - Snap shot by Pavel Kraskovsky.
2:39 of 2nd period - Shot Blocked by Patrick Wey.
2:41 of 2nd period - Snap shot by James Sheppard.
2:41 of 2nd period - Shot Blocked by Patrick Wey.
2:43 of 2nd period - Wrist shot by James Sheppard.
2:43 of 2nd period - Shot Misses the Net.
2:45 of 2nd period - Slapshot by Julian Melchiori.
2:45 of 2nd period - Shot Blocked by Mackenzie MacEachern.
2:47 of 2nd period - Slapshot by Dylan McIlrath.
2:47 of 2nd period - Shot Misses the Net.
3:17 of 2nd period - Nathan Gerbe is hit by Ben Johnson.
3:36 of 2nd period - Alexander Yelesin is hit by Phil Di Giuseppe and loses puck.
4:05 of 2nd period - Snap shot by James Sheppard.
4:05 of 2nd period - Shot Blocked by Mackenzie MacEachern.
4:17 of 2nd period - Slapshot by Garret Ross.
4:17 of 2nd period - Stopped by Thatcher Demko with a rebound.
4:19 of 2nd period - Snap shot by James Livingstone.
4:19 of 2nd period - Stopped by Thatcher Demko with a rebound.
4:21 of 2nd period - Snap shot by Rhett Gardner.
4:21 of 2nd period - Shot Misses the Net.
4:23 of 2nd period - Slapshot by Julian Melchiori.
4:23 of 2nd period - Deflect By Rhett Gardner.
4:23 of 2nd period - Shot Blocked by Nathan Gerbe.
4:23 of 2nd period - Puck is out of play.
4:24 of 2nd period - Nicolas Petan wins face-off versus Joe Labate in Comets zone.
4:26 of 2nd period - Minor Penalty to Juuso Riikola for Tripping.
4:27 of 2nd period - Taylor Beck wins face-off versus Joe Labate in Comets zone.
5:57 of 2nd period - Dennis Everberg is hit by Borna Rendulic and loses puck.
6:26 of 2nd period - Penalty to Juuso Riikola is over, Juuso Riikola is back on ice.
7:02 of 2nd period - Ben Johnson is hit by Tyler Graovac and loses puck.
7:31 of 2nd period - Ben Thomson is hit by Mackenzie MacEachern and loses puck.
7:38 of 2nd period - Snap shot by Andrej Nestrasil.
7:38 of 2nd period - Shot Misses the Net.
8:01 of 2nd period - Taylor Beck is hit by Rhett Gardner and loses puck.
8:14 of 2nd period - William Lagesson is hit by Ross Colton and loses puck.
9:31 of 2nd period - Alexander Yelesin is hit by Dan Renouf and loses puck.
9:48 of 2nd period - James Sheppard is hit by Sami Niku and loses puck.
10:29 of 2nd period - James Sheppard is hit by Dan Renouf and loses puck.
10:49 of 2nd period - Snap shot by Borna Rendulic.
10:49 of 2nd period - Shot Misses the Net.
11:10 of 2nd period - Taylor Beck is hit by James Livingstone and loses puck.
11:27 of 2nd period - Rhett Gardner is hit by Sami Niku and loses puck.
11:32 of 2nd period - Wrist shot by Dennis Everberg.
11:32 of 2nd period - Shot Misses the Net.
11:34 of 2nd period - Snap shot by Dennis Everberg.
11:34 of 2nd period - Comets goal is going for a video replay.
11:34 of 2nd period - The goal is good.
11:34 of 2nd period - Goal by Dennis Everberg - Sound Tigers : 1 - Comets : 3.
11:35 of 2nd period - Nicolas Petan wins face-off versus Joe Labate in neutral zone.
12:20 of 2nd period - Minor Penalty to Phil Di Giuseppe for Interference.
12:21 of 2nd period - Taylor Beck wins face-off versus Joe Labate in Comets zone.
12:32 of 2nd period - Snap shot by Taylor Beck.
12:32 of 2nd period - Deflect By Dennis Everberg.
12:32 of 2nd period - Shot Misses the Net.
12:32 of 2nd period - Puck is out of play.
12:33 of 2nd period - Joe Labate wins face-off versus Taylor Beck in Sound Tigers zone.
12:47 of 2nd period - Slapshot by Joe Labate.
12:47 of 2nd period - Deflect By Juuso Riikola.
12:47 of 2nd period - Stopped by Thatcher Demko with a rebound.
12:49 of 2nd period - Slapshot by Julian Melchiori.
12:49 of 2nd period - Stopped by Thatcher Demko with a rebound.
13:06 of 2nd period - Off-side.
13:07 of 2nd period - Pavel Kraskovsky wins face-off versus Andrej Nestrasil in neutral zone.
13:10 of 2nd period - Sami Niku is hit by James Sheppard and loses puck.
13:33 of 2nd period - Off-side.
13:34 of 2nd period - Joe Labate wins face-off versus Taylor Beck in neutral zone.
13:37 of 2nd period - Dennis Everberg is hit by Alex Tuch and loses puck.
14:20 of 2nd period - Penalty to Phil Di Giuseppe is over, Phil Di Giuseppe is back on ice.
14:56 of 2nd period - Snap shot by Garret Ross.
14:56 of 2nd period - Deflect By James Livingstone.
14:56 of 2nd period - Stopped by Thatcher Demko without a rebound.
14:57 of 2nd period - Rhett Gardner wins face-off versus Nathan Gerbe in Comets zone.
15:17 of 2nd period - Wrist shot by Garret Ross.
15:17 of 2nd period - Deflect By James Livingstone.
15:17 of 2nd period - Shot Misses the Net.
15:17 of 2nd period - Puck is out of play.
15:18 of 2nd period - Nicolas Petan wins face-off versus Borna Rendulic in Comets zone.
15:34 of 2nd period - Minor Penalty to Phil Di Giuseppe for Roughing.
15:35 of 2nd period - Taylor Beck wins face-off versus Joe Labate in Comets zone.
15:51 of 2nd period - Slapshot by Julian Melchiori.
15:51 of 2nd period - Shot Misses the Net.
17:12 of 2nd period - James Sheppard is hit by Sami Niku and loses puck.
17:31 of 2nd period - Oliver Kylington is hit by Borna Rendulic and loses puck.
17:34 of 2nd period - Penalty to Phil Di Giuseppe is over, Phil Di Giuseppe is back on ice.
17:57 of 2nd period - Icing by Anton Zlobin.
17:58 of 2nd period - Tyler Graovac wins face-off versus Rhett Gardner in Comets zone.
18:05 of 2nd period - Gabriel Carlsson is hit by Tyler Graovac and loses puck.
18:29 of 2nd period - Wrist shot by Phil Di Giuseppe.
18:29 of 2nd period - Shot Misses the Net.
18:31 of 2nd period - Snap shot by Joshua Leivo.
18:31 of 2nd period - Goal by Joshua Leivo - Sound Tigers : 1 - Comets : 4.
18:31 of 2nd period - Pavel Francouz enters game.
18:32 of 2nd period - Borna Rendulic wins face-off versus Dennis Everberg in neutral zone.
18:37 of 2nd period - Slapshot by Julian Melchiori.
18:37 of 2nd period - Shot Misses the Net.
18:39 of 2nd period - Slapshot by Dylan McIlrath.
18:39 of 2nd period - Stopped by Thatcher Demko without a rebound.
18:40 of 2nd period - Nathan Gerbe wins face-off versus Joe Labate in Comets zone.
19:11 of 2nd period - Wrist shot by Pavel Kraskovsky.
19:11 of 2nd period - Shot Misses the Net.
Goals for this period are 0 for Sound Tigers vs 2 for Comets.
Shots for this period are 8 for Sound Tigers vs 2 for Comets.
3rd period
0:01 of 3rd period - Joe Labate wins face-off versus Nathan Gerbe in neutral zone.
0:26 of 3rd period - Oliver Kylington is hit by Christian Fischer and loses puck.
1:49 of 3rd period - Slapshot by Christian Fischer.
1:49 of 3rd period - Stopped by Thatcher Demko without a rebound.
1:50 of 3rd period - Pavel Kraskovsky wins face-off versus Nathan Gerbe in Comets zone.
1:55 of 3rd period - Snap shot by James Sheppard.
1:55 of 3rd period - Goal by James Sheppard - Sound Tigers : 2 - Comets : 4.
1:56 of 3rd period - Nathan Gerbe wins face-off versus Joe Labate in neutral zone.
1:56 of 3rd period - Patrick Wey is hit by Joe Labate and loses puck.
2:26 of 3rd period - Backhand shot by Nicolas Petan.
2:26 of 3rd period - Goal by Nicolas Petan - Sound Tigers : 2 - Comets : 5.
2:27 of 3rd period - Nathan Gerbe wins face-off versus Joe Labate in neutral zone.
2:30 of 3rd period - Snap shot by Oliver Kylington.
2:30 of 3rd period - Stopped by Pavel Francouz with a rebound.
2:59 of 3rd period - Snap shot by Christian Fischer.
2:59 of 3rd period - Shot Blocked by Phil Di Giuseppe.
3:26 of 3rd period - Minor Penalty to Juuso Riikola for Tripping.
3:27 of 3rd period - Taylor Beck wins face-off versus Joe Labate in Comets zone.
3:39 of 3rd period - Backhand shot by Borna Rendulic.
3:39 of 3rd period - Shot Blocked by Patrick Wey.
4:42 of 3rd period - Patrick Wey is hit by Joe Labate and loses puck.
5:26 of 3rd period - Penalty to Juuso Riikola is over, Juuso Riikola is back on ice.
5:59 of 3rd period - Snap shot by Ben Johnson.
5:59 of 3rd period - Shot Misses the Net.
6:01 of 3rd period - Snap shot by Alexander Yelesin.
6:01 of 3rd period - Stopped by Thatcher Demko without a rebound.
6:02 of 3rd period - Ross Colton wins face-off versus Nicolas Petan in Comets zone.
6:07 of 3rd period - Slapshot by Ben Johnson.
6:07 of 3rd period - Shot Blocked by Sami Niku.
6:23 of 3rd period - Ben Thomson is hit by Nicolas Petan.
6:31 of 3rd period - Wrist shot by Phil Di Giuseppe.
6:31 of 3rd period - Shot Misses the Net.
6:33 of 3rd period - Snap shot by Nicolas Petan.
6:33 of 3rd period - Shot Blocked by Dylan McIlrath.
6:35 of 3rd period - Slapshot by Patrick Wey.
6:35 of 3rd period - Stopped by Pavel Francouz with a rebound.
6:37 of 3rd period - Snap shot by Patrick Wey.
6:37 of 3rd period - Stopped by Pavel Francouz without a rebound.
6:38 of 3rd period - Nathan Gerbe wins face-off versus Joe Labate in Sound Tigers zone.
6:45 of 3rd period - Snap shot by Nathan Gerbe.
6:45 of 3rd period - Shot Blocked by Borna Rendulic.
6:47 of 3rd period - Wrist shot by Taylor Beck.
6:47 of 3rd period - Stopped by Pavel Francouz with a rebound.
6:49 of 3rd period - Slapshot by William Lagesson.
6:49 of 3rd period - Deflect By Nathan Gerbe.
6:49 of 3rd period - Stopped by Pavel Francouz without a rebound.
6:50 of 3rd period - Nathan Gerbe wins face-off versus Joe Labate in Sound Tigers zone.
8:04 of 3rd period - Taylor Beck is hit by Joe Labate and loses puck.
8:46 of 3rd period - Backhand shot by Ben Thomson.
8:46 of 3rd period - Stopped by Thatcher Demko with a rebound.
8:48 of 3rd period - Slapshot by Slater Koekkoek.
8:48 of 3rd period - Stopped by Thatcher Demko with a rebound.
8:50 of 3rd period - Snap shot by Ben Thomson.
8:50 of 3rd period - Shot Misses the Net.
8:52 of 3rd period - Wrist shot by Ben Thomson.
8:52 of 3rd period - Shot Hit the Post.
8:54 of 3rd period - Wrist shot by Ross Colton.
8:54 of 3rd period - Stopped by Thatcher Demko without a rebound.
8:55 of 3rd period - Nathan Gerbe wins face-off versus Joe Labate in Comets zone.
9:05 of 3rd period - Slapshot by William Lagesson.
9:05 of 3rd period - Shot Hit the Post.
9:21 of 3rd period - Joshua Leivo is hit by James Sheppard and loses puck.
9:28 of 3rd period - Slapshot by Joshua Leivo.
9:28 of 3rd period - Stopped by Pavel Francouz with a rebound.
9:30 of 3rd period - Slapshot by Nicolas Petan.
9:30 of 3rd period - Deflect By Phil Di Giuseppe.
9:30 of 3rd period - Stopped by Pavel Francouz with a rebound.
10:04 of 3rd period - Ben Thomson is hit by Juuso Riikola.
10:12 of 3rd period - Snap shot by Ben Johnson.
10:12 of 3rd period - Shot Blocked by Sami Niku.
10:29 of 3rd period - William Lagesson is hit by Borna Rendulic and loses puck.
11:05 of 3rd period - Dan Renouf is hit by Dylan McIlrath.
11:45 of 3rd period - Oliver Kylington is hit by Ben Thomson and loses puck.
12:37 of 3rd period - Sami Niku is hit by James Livingstone and loses puck.
12:50 of 3rd period - Ben Thomson is hit by Joshua Leivo and loses puck.
13:10 of 3rd period - Taylor Beck is hit by Dylan McIlrath.
14:05 of 3rd period - Ross Colton is hit by Joshua Leivo and loses puck.
14:12 of 3rd period - Ben Johnson is hit by Sami Niku and loses puck.
14:34 of 3rd period - Snap shot by Anton Zlobin.
14:34 of 3rd period - Shot Blocked by Dylan McIlrath.
15:54 of 3rd period - Dylan McIlrath is hit by Anton Zlobin and loses puck.
16:11 of 3rd period - Juho Lammikko is hit by Christian Fischer and loses puck.
16:30 of 3rd period - Ben Thomson is hit by Dennis Everberg and loses puck.
16:52 of 3rd period - Icing by Oliver Kylington.
16:53 of 3rd period - Tyler Graovac wins face-off versus Rhett Gardner in Comets zone.
17:35 of 3rd period - Slapshot by Gabriel Carlsson.
17:35 of 3rd period - Stopped by Thatcher Demko with a rebound.
17:37 of 3rd period - Snap shot by Pavel Kraskovsky.
17:37 of 3rd period - Shot Misses the Net.
17:39 of 3rd period - Snap shot by Christian Fischer.
17:39 of 3rd period - Shot Blocked by Sami Niku.
17:55 of 3rd period - Sami Niku is hit by Ben Thomson and loses puck.
18:14 of 3rd period - Garret Ross is hit by Nathan Gerbe and loses puck.
18:31 of 3rd period - Snap shot by Borna Rendulic.
18:31 of 3rd period - Stopped by Thatcher Demko without a rebound.
18:32 of 3rd period - Tyler Graovac wins face-off versus Joe Labate in Comets zone.
18:41 of 3rd period - Alex Tuch is hit by Kurtis Macdermid and loses puck.
18:48 of 3rd period - Slapshot by Dylan McIlrath.
18:48 of 3rd period - Deflect By Kurtis Macdermid.
18:48 of 3rd period - Stopped by Thatcher Demko without a rebound.
18:49 of 3rd period - Nathan Gerbe wins face-off versus Pavel Kraskovsky in Comets zone.
18:56 of 3rd period - Snap shot by Pavel Kraskovsky.
18:56 of 3rd period - Stopped by Thatcher Demko with a rebound.
18:58 of 3rd period - Slapshot by Julian Melchiori.
18:58 of 3rd period - Shot Blocked by Oliver Kylington.
19:14 of 3rd period - Julian Melchiori is hit by Joshua Leivo and loses puck.
19:37 of 3rd period - Slapshot by Andrej Nestrasil.
19:37 of 3rd period - Shot Misses the Net.
19:39 of 3rd period - Slapshot by Patrick Wey.
19:39 of 3rd period - Stopped by Pavel Francouz with a rebound.
19:41 of 3rd period - Snap shot by Andrej Nestrasil.
19:41 of 3rd period - Deflect By Juho Lammikko.
19:41 of 3rd period - Stopped by Pavel Francouz with a rebound.
19:43 of 3rd period - Slapshot by Patrick Wey.
19:43 of 3rd period - Deflect By Andrej Nestrasil.
19:43 of 3rd period - Stopped by Pavel Francouz without a rebound.
19:44 of 3rd period - Joe Labate wins face-off versus Nathan Gerbe in Sound Tigers zone.
19:44 of 3rd period - Joe Labate is hit by Sami Niku.
19:45 of 3rd period - Joe Labate from Sound Tigers is injured at 19:45 of 3rd period (Left Foot).
19:46 of 3rd period - Scott Glennie wins face-off versus Nathan Gerbe in Sound Tigers zone.
19:46 of 3rd period - Scott Glennie is hit by Oliver Kylington.
Goals for this period are 1 for Sound Tigers vs 1 for Comets.
Shots for this period are 10 for Sound Tigers vs 11 for Comets.